 Dungeon Crawl Stone Soup version 0.29.1-1-gd02db69 (webtiles) character file.

Game seed: 11871608303538081660

31 Kel the Trooper (level 3, -2/24 HPs)
             Began as a Gargoyle Fighter on Nov 23, 2022.
             Slain by a gnoll
             ... wielding a +0 halberd
              (3 damage)
             ... on level 2 of the Dungeon.
             The game lasted 00:01:24 (947 turns).

Kel the Trooper (Gargoyle Fighter)                   Turns: 947, Time: 00:01:25

Health: -2/24      AC: 10    Str: 21    XL:     3   Next: 22%
Magic:  3/3        EV:  9    Int:  8    God:
Gold:   81         SH:  4    Dex:  9    Spells: 2/2 levels left

rFire   . . .      SeeInvis .   a - +0 war axe
rCold   . . .      Faith    .   c - +0 buckler
rNeg    + . .      Spirit   .   b - +0 scale mail
rPois   ∞          Reflect  .   (no helmet)
rElec   +          Harm     .   (no cloak)
rCorr   .          Rampage  .   (no gloves)
Will    .....                   (no boots)
Stlth   ..........              (no amulet)
HPRegen 0.08/turn               (no ring)
MPRegen 0.08/turn               (no ring)

@: mighty
A: sickness immunity, AC +3, negative energy resistance 1, electricity
resistance, torment resistance 1, petrification resistance
a: no special abilities


You were on level 2 of the Dungeon.
You visited 1 branch of the dungeon, and saw 2 of its levels.

You collected 81 gold pieces.

Inventory:

Hand Weapons
 a - a +0 war axe (weapon)
Armour
 b - a +0 scale mail (worn)
 c - a +0 buckler (worn)
Scrolls
 e - a scroll of identify {unknown}
 f - a scroll of teleportation {unknown}
 g - a scroll of summoning {unknown}
 h - a scroll of enchant weapon {unknown}


   Skills:
 + Level 4.1 Fighting
 + Level 1.8 Axes
 + Level 3.6 Armour
 + Level 3.6 Shields


You had 2 spell levels left.
You didn't know any spells.
Your spell library contained the following spells:

 Spells                   Type           Power      Damage    Failure   Level
 Ozocubu's Armour         Ice            0%         N/A       99%         3
 Metabolic Englaciation   Hex/Ice        0%         N/A       100%        5
 Simulacrum               Ice/Necr       0%         N/A       100%        6


Dungeon Overview and Level Annotations

Branches:
Dungeon (2/15)

Altars:
Sif Muna


Innate Abilities, Weirdness & Mutations

You are immune to sickness and miasma.
Your stone body is resilient. (AC +3)
You are immune to poison.
You resist negative energy. (rN+)
You are resistant to electric shocks. (rElec)
You are resistant to unholy torment.
You are immune to petrification.


Message History

You are too injured to fight recklessly!
You are too injured to fight recklessly!
You are too injured to fight recklessly!
You closely miss the gnoll.
The gnoll is lightly wounded.
You barely miss the gnoll. The bat hits you but does no damage.
The gnoll hits you but does no damage.
The gnoll hits you from afar with a +0 halberd.
* * * LOW HITPOINT WARNING * * *
The gnoll hits you with a +0 whip.
* * * LOW HITPOINT WARNING * * *
The bat closely misses you.
You slash the gnoll!
The gnoll is almost dead.
You miss the bat. You hit the gnoll. The bat hits you but does no damage.
The gnoll hits you but does no damage. x2; You block the gnoll's attack.
You slash the gnoll!
You kill the gnoll!
You slash the endoplasm!
You kill the endoplasm!
You barely miss the gnoll. The bat barely misses you.
You block the gnoll's attack. The gnoll barely misses you. x2
The gnoll hits you but does no damage.
Your Fighting skill increases to level 4!
You barely miss the gnoll.
The gnoll is severely wounded.
The bat barely misses you. x2; You block the gnoll's attack.
The gnoll misses you.
You slash the gnoll!
You kill the gnoll!
The bat hits you but does no damage.
The gnoll hits you from afar with a +0 halberd.
* * * LOW HITPOINT WARNING * * *
The gnoll hits you but does no damage.
You have reached level 3!
Your experience leads to an increase in your attributes!
Increase (S)trength, (I)ntelligence, or (D)exterity?
You feel stronger. x2
The bat hits you but does no damage. The gnoll hits you with a +0 halberd.
You die...

################# ####
#...........b...##
...##..#.##...).......
#............@g....#
####.......##.######..#
.<....._...##.#
.####......##.###
.##....)...##...####.
.##.######.#.........
.##.## #.#.##.####. #
.#...## #..#....###...
......# #.##.........#


You could see a gnoll and a bat.

Vanquished Creatures
  2 gnolls (D:2)
  A bat (D:2)
  4 endoplasms
  A goblin (D:1)
  A ball python (D:1)
  2 kobolds
  A rat (D:2)
12 creatures vanquished.

Notes
Turn   | Place    | Note
-------+----------+-------------------------------------------
     0 | D:1      | Kel the Gargoyle Fighter began the quest for the Orb.
     0 | D:1      | Reached XP level 1. HP: 14/14 MP: 1/1
   752 | D:2      | Reached XP level 2. HP: 19/19 MP: 2/2
   776 | D:2      | Found a shimmering blue altar of Sif Muna.
   922 | D:2      | Identified the +5 spear of the Puffball {vorpal, Dex+3
                  | SInv}
   945 | D:2      | Reached skill level 4 in Fighting
   946 | D:2      | HP: 1/20 [gnoll/+0 halberd (1)]
   947 | D:2      | Reached XP level 3. HP: 1/24 MP: 3/3
   947 | D:2      | Slain by a gnoll

Illustrated notes

Levels and vault maps discovered:
D:1:      lemuel_arrival_behind_the_door_small, layout_basic, kennysheep_boxes
D:2:      layout_loops_ring, basic_altar,
          dreamdust_ecumenical_altar_hidden_monk_grotto, grunt_ministairs_12

Skill      XL: |  1  2 |
---------------+-------+-----
Fighting       | 4 |  4.1
Axes           | |  1.8
Armour         | |  3.6
Shields        | |  3.6

Action                   || total
-------------------------++-------
Melee: War axe           ||    22
  Use: Potion            ||     1
Armor: Scale mail        ||    19
Dodge: Dodged            ||    20
Block: Buckler           ||     7
